 Dungeon Crawl Stone Soup version 0.25-a0-521-gb5d5f98535 (webtiles) character file.

Game seed: 4543442414829834456, levelgen mode: deterministic

830 Emblim88 the Skirmisher (level 7, -1/62 HPs)
             Began as a Hill Orc Abyssal Knight on Feb 18, 2020.
             Was a Priest of Lugonu.
             Slain by an orc priest
             ... wielding a +2 falchion of flaming
              (5 damage)
             ... on level 5 of the Dungeon.
             The game lasted 00:08:08 (5150 turns).

Emblim88 the Skirmisher (Hill Orc Abyssal Knight)   Turns: 5150, Time: 00:08:10

Health: -1/62      AC:  7    Str: 17    XL:     7   Next: 97%
Magic:  11/11      EV: 11    Int: 12    God:    Lugonu [***...]
Gold:   274        SH:  0    Dex: 10    Spells: 6/6 levels left

rFire    + . .     SeeInvis .   a - +1 hand axe
rCold    . . .     Gourm    .   (no shield)
rNeg     . . .     Faith    .   n - +1 ring mail {rF+}
rPois    .         Spirit   .   (no helmet)
rElec    .         Reflect  .   (no cloak)
rCorr    .         Harm     .   (no gloves)
MR       .....                  (no boots)
Stlth    ..........             y - amulet of magic regeneration
HPRegen  0.20/turn              (no ring)
MPRegen  0.37/turn              (no ring)

@: no status effects
A: no striking features
a: Depart the Abyss, Bend Space, Banish, Renounce Religion, Convert to Beogh


You were on level 5 of the Dungeon.
You worshipped Lugonu.
Lugonu was most pleased with you.
You were not hungry.

You visited 1 branch of the dungeon, and saw 5 of its levels.
You visited the Abyss 1 time.

You collected 274 gold pieces.

Inventory:

Hand Weapons
 a - a +1 hand axe (weapon)
Missiles
 b - 20 poisoned darts
 j - 232 stones (quivered)
 t - 2 silver boomerangs
 w - 2 javelins
Armour
 n - a +1 ring mail of fire resistance (worn)
Jewellery
 y - an amulet of magic regeneration (around neck)
 z - an uncursed ring of stealth {unknown}
Wands
 i - a wand of digging (5)
Scrolls
 e - 5 scrolls of remove curse {unknown}
 k - a scroll of amnesia
 l - 2 scrolls of blinking {unknown}
 o - a scroll of enchant armour
 p - 3 scrolls of teleportation
 q - 3 scrolls of magic mapping {unknown}
 r - 2 scrolls of fear
 s - a scroll of immolation
 A - 2 scrolls of enchant weapon {unknown}
Potions
 d - a potion of lignification
 f - a potion of heal wounds {unknown}
 g - 2 potions of degeneration
 h - a potion of brilliance
 u - a potion of curing
Comestibles
 c - 15 rations


   Skills:
 + Level 5.7 Fighting
 + Level 5.3 Axes
 + Level 1.9 Throwing
 + Level 4.5 Armour
 + Level 3.0 Dodging
 + Level 5.4 Invocations


You had 6 spell levels left.
You didn't know any spells.
Your spell library contained the following spells:

 Spells                   Type           Power        Failure   Level  Hunger
 Animate Skeleton         Necr           N/A          50%         1    ##.....
 Apportation              Tloc           #.....       50%         1    ##.....
 Corona                   Hex            #......      50%         1    ##.....
 Summon Small Mammal      Summ           #...         50%         1    ##.....
 Ensorcelled Hibernation  Hex/Ice        #.....       65%         2    ###....
 Confusing Touch          Hex            #.......     86%         3    ####...
 Dazzling Flash           Conj/Hex       #.....       86%         3    ####...
 Tukima's Dance           Hex            #.......     86%         3    ####...


Dungeon Overview and Level Annotations

Branches:
Dungeon (5/15)             Temple (0/1) D:4

Altars:
Cheibriados
Dithmenos
Nemelex Xobeh
Uskayaw
Vehumet
Zin


Message History

The orc priest mumbles some strange prayers to Beogh against you.
Beogh smites you!
* * * LOW HITPOINT WARNING * * *
The orc priest shouts, "Surrender to Beogh and we'll let you live!"
It was a potion of flight.
You feel very buoyant.
You fly up into the air.
The orc priest looks braver for a moment.
The orc priest barely misses you.
It was a potion of invisibility.
You fade into invisibility!
You are very lightly contaminated with residual magic.
It was a potion of cancellation.
Your magical effects are unravelling.
You feel magically purged.
Your magical contamination has completely faded away.
You float gracefully downwards.
You flicker back into view.
You feel a little less clever now.
The orc priest hits you with a +2 falchion of flaming.
You die...

<.....# ....#.# ## ....#
#. ....#. #.#
#####...#.# #
#..#.####### #
#..#.......# #
#..#..####.########
######..#..# #$@o{oo...
#..........#############
#................[
######.†.........#
.......>#.######.# #.#
........#......# #.#
.....#..######.# #.#
####.#..# #.# #.# #.#..#
#.#.# #.#


You could see 3 orc priests.

Vanquished Creatures
  Grinder (D:3)
  Sigmund (D:2)
  An ogre (D:4)
  Blork the orc (D:5)
  A jelly (D:5)
  2 hounds (D:4)
  Terence (D:2)
  2 worker ants
  3 gnolls (D:3)
  4 adders
  An ooze (D:5)
  2 worms
  2 dart slugs
  2 leopard geckos (D:1)
  10 orcs
  6 bats
  5 giant cockroaches
  5 goblins
  8 hobgoblins
  7 jackals
  7 kobolds
  2 quokkas
  2 ball pythons (D:4)
  10 frilled lizards
  A leopard gecko skeleton (D:5)
  9 rats
96 creatures vanquished.

Notes
Turn   | Place    | Note
-------+----------+-------------------------------------------
     0 | Abyss:1  | Emblim88 the Hill Orc Abyssal Knight began the quest for
                  | the Orb.
     0 | Abyss:1  | Reached XP level 1. HP: 19/19 MP: 2/2
    65 | Abyss:1  | Noticed a large abomination
    66 | D:1      | Escaped the Abyss
   209 | D:1      | Reached skill level 1 in Dodging
   209 | D:1      | Reached XP level 2. HP: 22/27 MP: 3/3
   219 | D:1      | Reached * piety under Lugonu
   639 | D:1      | Reached XP level 3. HP: 30/33 MP: 5/5
  1255 | D:2      | Reached XP level 4. HP: 26/40 MP: 6/6
  1261 | D:2      | Reached ** piety under Lugonu
  1433 | D:2      | Found a hide-covered altar of Uskayaw.
  1440 | D:2      | Found a glowing silver altar of Zin.
  1514 | D:2      | Noticed Sigmund
  1534 | D:2      | Killed Sigmund
  1534 | D:2      | Reached XP level 5. HP: 32/47 MP: 6/8
  1811 | D:2      | Reached XP level 6. HP: 25/53 MP: 9/9
  2012 | D:2      | Noticed Terence
  2019 | D:2      | Killed Terence
  2037 | D:2      | Found a snail-covered altar of Cheibriados.
  2401 | D:3      | Found a radiant altar of Vehumet.
  2472 | D:3      | Found a sparkling altar of Nemelex Xobeh.
  2544 | D:3      | Noticed Grinder
  2556 | D:3      | Killed Grinder
  2556 | D:3      | Reached skill level 5 in Fighting
  2556 | D:3      | Reached skill level 1 in Throwing
  2556 | D:3      | Reached XP level 7. HP: 10/61 MP: 10/10
  3191 | D:4      | Reached skill level 5 in Axes
  3191 | D:4      | Reached skill level 5 in Invocations
  3440 | D:4      | Found a shadowy altar of Dithmenos.
  3594 | D:4      | Reached *** piety under Lugonu
  3771 | D:4      | Found a staircase to the Ecumenical Temple.
  4282 | D:5      | Entered Level 5 of the Dungeon
  4851 | D:5      | Noticed Blork the orc
  4869 | D:5      | Killed Blork the orc
  5150 | D:5      | Slain by an orc priest

Levels and vault maps discovered:
D:1:      dpeg_cavernosity, layout_basic
D:2:      layout_loops_cross, amethyst_overflow_temple_binary,
          lemuel_crystal_altar, minmay_unequal, uniq_sigmund, uniq_terence
D:3:      layout_rooms, nemelex_xobeh_ov_fountains_minmay, fiery_altar_vehumet,
          first_ration, uniq_grinder
D:4:      layout_loops_corners, grunt_dithmenos_smoke,
          minmay_temple_entry_slanted, bh_walls_and_bars
D:5:      layout_basic, roderic_st_hans_cross, uniq_blork_the_orc

Skill      XL: |  1  2  3  4  5  6  7 |
---------------+----------------------+-----
Dodging        | 1 2 3 |  3.0
Axes           | 3 4 5 |  5.3
Fighting       | 4 5 |  5.7
Invocations    | 3 4 5 |  5.4
Armour         | 3 4 |  4.5
Throwing       | 1 |  1.9

Action                   |  1- 3 |  4- 6 |  7- 9 || total
-------------------------+-------+-------+-------++-------
Melee: Hand axe          |   104 |   105 |   140 ||   349
Throw: Boomerang         |       |     2 |     1 ||     3
       Stone             |       |     1 |     5 ||     6
       Javelin           |       |       |     2 ||     2
Invok: Depart the Abyss  |     1 |       |       ||     1
  Use: Potion            |       |     1 |     6 ||     7
       Scroll            |       |       |     6 ||     6
  Eat: Chunk             |     1 |     4 |     9 ||    14
Armor: Leather armour    |    31 |     8 |       ||    39
       Skin              |       |     7 |       ||     7
       Ring mail         |       |    17 |    42 ||    59
Dodge: Dodged            |    81 |    53 |    75 ||   209

Table legend:
 A = Non-vault XP
 B = Vault XP
 C = Vault XP percentage of total XP
 D = Non-vault monster count
 E = Vault monster count
 F = Vault count percentage of total count
                 A         B        C        D         E       F
            +---------+---------+-------+---------+---------+-------
      Total |     546 |     640 |  54.0 |      84 |      12 |  12.5
            +---------+---------+-------+---------+---------+-------
        D:1 |      53 |       7 |  11.7 |      30 |       4 |  11.8
        D:2 |      72 |     256 |  78.0 |      21 |       6 |  22.2
        D:3 |      58 |     286 |  83.1 |      12 |       1 |   7.7
        D:4 |     266 |       0 |   0.0 |      15 |       0 |   0.0
        D:5 |      97 |      91 |  48.4 |       6 |       1 |  14.3
            +---------+---------+-------+---------+---------+-------
